 Dungeon Crawl Stone Soup version 0.15-a0-198-g2f4809b (webtiles) character file.

100 PolkaDot the Caller (level 3, 0/26 HPs)
             Began as a Vampire Summoner on Apr 23, 2014.
             Killed from afar by Ijyb (9 damage)
             ... with a wand of magic darts
             ... on Level 2 of the Dungeon.
             The game lasted 00:06:12 (1495 turns).

PolkaDot the Caller (Vampire Summoner)              Turns: 1495, Time: 00:06:12

HP   0/26        AC  3     Str  7      XL: 3   Next: 50%
MP   6/6         EV 12     Int 18      God:
Gold 52          SH  0     Dex 14      Spells:  1 memorised,  5 levels left

rFire  . . .     SeeInvis +     g - +1,+2 short sword (drain)
rCold  . . .     Clarity  .     a - +0 robe
rNeg   . . .     Conserve .     (no shield)
rPois  .         rCorr    .     (no helmet)
rElec  .         rRot     .     j - +0 cloak
SustAb . .       Spirit   .     (no gloves)
rMut   .         Warding  .     (no boots)
Saprov . . .     Stasis   .     (no amulet)
MR     .....                    (no ring)
                                (no ring)

@: regenerating very quickly, not resistant to hostile enchantments, stealthy
A: fangs 3, see invisible, unbreathing
a: no special abilities


You were on level 2 of the Dungeon.
You were almost alive.

You visited 1 branch of the dungeon, and saw 2 of its levels.

You collected 52 gold pieces.

Inventory:

Hand weapons
 g - a +1,+2 short sword of draining (weapon)
Armour
 a - a +0 robe (worn)
 j - a +0 cloak (worn)
Scrolls
 e - 2 scrolls of remove curse {unknown}
 f - 3 scrolls of random uselessness {unknown}
 h - a scroll of recharging {unknown}
 k - a scroll of immolation {unknown}
Potions
 c - a potion of heal wounds {unknown}
 d - 2 potions of agility
 i - a potion of flight {unknown}
Books
 b - a book of Callings

   Spells                             Type                      Level
   *Summon Small Mammal               Summoning                    1
   Call Imp                           Summoning                    2
   Call Canine Familiar               Summoning                    3
   Summon Guardian Golem              Hexes/Summoning              4
   Summon Lightning Spire             Summoning/Air                4
   Summon Ice Beast                   Ice/Summoning                4


   Skills:
 + Level 1.2 Fighting
 - Level 2.1 Dodging
 - Level 3.0 Stealth
 - Level 2.0 Spellcasting
 * Level 5.0 Summonings


You had 5 spell levels left.
You knew the following spells:

 Your Spells              Type           Power        Failure   Level  Hunger
a - Summon Small Mammal   Summ           ###.         1%          1    #......


Dungeon Overview and Level Annotations

Branches:
Dungeon (2/15)

Altars:
Nemelex Xobeh

Annotations:
D:2 Ijyb


Innate Abilities, Weirdness & Mutations

Your natural rate of healing is extremely fast.
You have razor-sharp teeth.*
You have supernaturally acute eyesight.
You can survive without breathing.*


Message History

The bat closely misses you. The bat hits you but does no damage.
You miss the bat. The bat barely misses you. The bat closely misses you.
You barely miss the bat. The bat closely misses you. The bat barely misses you.
You hit the bat. You drain the bat!
You kill the bat!
No target in view!
Ijyb comes into view.
Ijyb shouts!
Ijyb zaps a wand.
The magic dart hits you!
You hit Ijyb but do no damage. You drain Ijyb!
Ijyb zaps a wand.
The magic dart hits you!
You hit Ijyb but do no damage. Ijyb barely misses you.
You barely miss Ijyb. Ijyb misses you.
You barely miss Ijyb.
Ijyb zaps a wand.
The magic dart hits you!
You hit Ijyb. You drain Ijyb!
Ijyb is lightly wounded.
Ijyb hits you.
Ijyb zaps a wand.
The magic dart hits you!
You die...

##.##.##.### ## #.....##.#....
#..#####.#.#. #######..## #.#..
#.........# #.#.#
#.#####...####.#.#
#.#####.<.....#..# #
#.........####.###.#
#..............@.g.#
#..####.#.########## ( . ## #..#
#.#.###### ### .#.. .# #..#
#.#...... ..# ... .# # ...#
#.##...# #.# ... .##.#
#..####.##...# #.# #.## ....#
#....##.##...#### #.# #.#.#....#
##.##.##.........###.###.##)# #
#...........................####.


You could see Ijyb.

Vanquished Creatures
  An adder (D:2)
  2 giant geckos (D:2)
  2 giant cockroaches (D:1)
  6 goblins
  4 hobgoblins
  3 jackals (D:1)
  A quokka (D:2)
  8 bats
  2 giant newts (D:2)
  5 kobolds
  2 rats (D:1)
36 creatures vanquished.

Vanquished Creatures (collateral kills)
  A goblin (D:1)
  A hobgoblin (D:1)
  2 jackals (D:1)
  A bat (D:1)
5 creatures vanquished.

Vanquished Creatures (others)
  A quokka (D:2)
  2 bats
  4 rats
7 creatures vanquished.

Grand Total: 48 creatures vanquished

Notes
Turn   | Place    | Note
--------------------------------------------------------------
     0 | D:1      | PolkaDot, the Vampire Summoner, began the quest for the Orb.
     0 | D:1      | Reached XP level 1. HP: 13/13 MP: 3/3
   381 | D:1      | Reached XP level 2. HP: 16/19 MP: 4/4
   516 | D:1      | Reached skill level 1 in Fighting
  1039 | D:2      | Found a sparkling altar of Nemelex Xobeh.
  1118 | D:2      | Reached XP level 3. HP: 13/26 MP: 6/6
  1477 | D:2      | Reached skill level 5 in Summonings
  1487 | D:2      | Noticed Ijyb
  1495 | D:2      | Killed from afar by Ijyb

Action                   || total
-------------------------++-------
Melee: Unarmed           ||    38
       Hand axe          ||    84
       Short sword       ||    38
 Cast: Summon Small Mamm ||    14
  Use: Potion            ||     2
 Stab: Sleeping          ||     6
